 Dungeon Crawl Stone Soup version 0.24.1-14-gf8d2b509d9 (console) character file.

Game seed: 9514936265782059006, levelgen mode: deterministic

663438 Kagalorn the Omniscient (level 27, -6/219 HPs)
             Began as a Gnoll Wanderer on Nov 24, 2022.
             Was the Champion of Ashenzari.
             Mangled by an Orb Guardian (22 damage)
             ... on level 5 of the Realm of Zot on Nov 29, 2022.
             The game lasted 03:18:43 (71746 turns).

Kagalorn the Omniscient (Gnoll Wanderer)           Turns: 71746, Time: 03:18:43

Health: -6/219     AC: 45    Str: 31    XL:     27
Magic:  45/45      EV: 19    Int: 16    God:    Ashenzari [******]
Gold:   3515       SH: 34    Dex: 10    Spells: 35/63 levels left

rFire    + + .     SeeInvis +   a - +9 broad axe (flame) (curse)
rCold    + + .     Gourm    .   u - +10 large shield of Ignorance {rN+ Int-4} (curse)
rNeg     + . .     Faith    .   L - +8 gold dragon scales (curse)
rPois    +         Spirit   .   N - +1 helmet (curse)
rElec    .         Reflect  .   Z - scarf {rC+ rF+} (curse)
rCorr    .         Harm     .   i - +0 pair of gloves {Str+3} (curse)
MR       +++..     Clarity  +   Y - +0 pair of boots of the Lost Path {MR+ Dex-4 Slay+6 SInv} (curse)
Stlth    ..........             g - amulet of Mistrust {+Blink +Rage rPois Int+5 Slay+3} (curse)
HPRegen  0.46/turn              z - +5 ring of evasion (curse)
MPRegen  0.29/turn              t - ring "Jempiff" {+Inv AC+6 Str+2 Slay+3}

@: about to teleport, marked
A: distributed training, fangs 1, blurry vision 1, dopey 1, mutation resistance
1, no potion heal 1, strong nose
}: 3/15 runes: decaying, serpentine, silver
a: Curse Item, Scrying, Renounce Religion, Evoke Blink, Evoke Berserk Rage,
Evoke Invisibility


You were on level 5 of the Realm of Zot.
You worshipped Ashenzari.
Ashenzari was exalted by your worship.
You were not hungry.

You visited 11 branches of the dungeon, and saw 51 of its levels.
You also visited: Trove, Bailey, Gauntlet and Desolation.

You collected 7721 gold pieces.
You spent 4206 gold pieces at shops.

Inventory:

Hand Weapons
 a - a cursed +9 broad axe of flaming (weapon)
Missiles
 d - 8 throwing nets (quivered)
 n - 52 javelins
Armour
 i - a cursed +0 pair of gloves of strength (worn)
 u - the cursed +10 large shield of Ignorance (worn) {rN+ Int-4}
   (You took it off Mennas on level 1 of the Vaults)

   It affects your intelligence (-4).
   It protects you from negative energy.
   It has a curse placed upon it.
 I - the cursed +0 cloak of Pathos {rN++ Regen+ Str+2}
   (You acquired it on level 2 of the Realm of Zot)

   It affects your strength (+2).
   It greatly protects you from negative energy.
   It increases your rate of regeneration.
   It has a curse placed upon it.
 L - cursed +8 gold dragon scales (worn)
 N - a cursed +1 helmet (worn)
 Y - the cursed +0 pair of boots of the Lost Path (worn) {MR+ Dex-4 Slay+6 SInv}
   (You acquired it on level 5 of the Vaults)

   It affects your dexterity (-4).
   It affects your accuracy and damage with ranged weapons and melee attacks
   (+6).
   It affects your resistance to hostile enchantments.
   It lets you see invisible.
   It has a curse placed upon it.
 Z - a cursed scarf of resistance (worn)
Jewellery
 g - the cursed amulet of Mistrust (around neck) {+Blink +Rage rPois Int+5 Slay+3}
   (You took it off a deep elf elementalist on level 3 of the Elven Halls)

   [amulet of rage]

   It affects your intelligence (+5).
   It affects your accuracy and damage with ranged weapons and melee attacks
   (+3).
   It protects you from poison.
   It lets you blink.
   It lets you go berserk.
   It has a curse placed upon it.
 q - an uncursed ring of wizardry
 t - the ring "Jempiff" (right hand) {+Inv AC+6 Str+2 Slay+3}
   (You found it on level 3 of the Elven Halls)

   [ring of protection]

   It affects your AC (+6).
   It affects your strength (+2).
   It affects your accuracy and damage with ranged weapons and melee attacks
   (+3).
   It lets you turn invisible.
 z - a cursed +5 ring of evasion (left hand)
 P - an uncursed ring of flight
 S - an uncursed ring of poison resistance
Wands
 r - a wand of clouds (19)
 v - a wand of acid (26)
 w - a wand of digging (29)
 R - a wand of scattershot (25)
 W - a wand of iceblast (20)
 X - a wand of paralysis (69)
Scrolls
 e - 5 scrolls of remove curse
 h - 6 scrolls of amnesia
 j - 26 scrolls of identify
 o - 2 scrolls of magic mapping
 p - a scroll of brand weapon
 s - 25 scrolls of teleportation
 x - 7 scrolls of blinking
 y - 7 scrolls of fog
 C - 6 scrolls of silence
 D - 7 scrolls of enchant weapon
 M - 9 scrolls of fear
 U - a scroll of summoning
Potions
 c - 9 potions of agility
 k - 9 potions of cancellation
 l - 7 potions of mutation
 m - 28 potions of curing
 A - 2 potions of invisibility
 B - 7 potions of haste
 E - 8 potions of heal wounds
 F - 7 potions of brilliance
 G - 13 potions of lignification
 H - 9 potions of might
 J - 3 potions of resistance
 Q - 4 potions of berserk rage
 T - 3 potions of magic
Miscellaneous
 b - a phantom mirror
 O - a box of beasts
 V - a lamp of fire
Comestibles
 f - 17 rations


   Skills:
 + Level 18.6 Fighting
 + Level 18.5 Short Blades
 + Level 18.5 Long Blades
 + Level 18.5(22.1) Axes
 + Level 18.5 Maces & Flails
 + Level 18.5 Polearms
 + Level 18.5 Staves
 + Level 18.5 Slings
 + Level 18.5 Bows
 + Level 18.6 Crossbows
 + Level 18.6 Throwing
 + Level 18.6(23.4) Armour
 + Level 18.5 Dodging
 + Level 18.6 Stealth
 + Level 18.5(20.8) Shields
 + Level 18.5 Unarmed Combat
 + Level 18.6 Spellcasting
 + Level 15.9(18.4) Conjurations
 + Level 15.9(18.4) Hexes
 + Level 15.9(18.4) Charms
 + Level 16.3(18.8) Summonings
 + Level 15.9(18.4) Necromancy
 + Level 15.9(18.4) Translocations
 + Level 15.9(18.4) Transmutations
 + Level 15.9(18.4) Fire Magic
 + Level 15.9(18.4) Ice Magic
 + Level 15.9(18.4) Air Magic
 + Level 15.9(18.4) Earth Magic
 + Level 16.3(18.8) Poison Magic
 + Level 19.8 Invocations
 + Level 18.5(20.8) Evocations


You had 35 spell levels left.
You knew the following spells:

 Your Spells              Type           Power        Failure   Level  Hunger
a - Shock                 Conj/Air       ####         1%          1    None
b - Sting                 Conj/Pois      ####         1%          1    None
c - Lee's Rapid Deconstr  Erth           ######....   1%          5    ###....
d - Petrify               Tmut/Erth      ######..     1%          4    None
e - Airstrike             Air            ######....   1%          4    None
f - Silence               Hex/Air        ######....   1%          5    ###....
g - Summon Lightning Spi  Summ/Air       ######..     1%          4    None
i - Blink                 Tloc           N/A          1%          2    None
j - Passwall              Tmut/Erth      ######..     1%          2    None

Your spell library contained the following spells:

 Spells                   Type           Power        Failure   Level  Hunger
 Animate Skeleton         Necr           N/A          1%          1    None
 Apportation              Tloc           ######       1%          1    None
 Beastly Appendage        Tmut           ######       1%          1    None
 Confusing Touch          Hex            ######       1%          1    None
 Corona                   Hex            ######.      1%          1    None
 Flame Tongue             Conj/Fire      #####        1%          1    None
 Freeze                   Ice            ####         1%          1    None
 Infusion                 Chrm           ####         1%          1    None
 Magic Dart               Conj           ####         1%          1    None
 Pain                     Necr           ####         1%          1    None
 Sandblast                Erth           ######       1%          1    None
 Summon Butterflies       Summ           ######..     1%          1    None
 Summon Small Mammal      Summ           ####         1%          1    None
 Call Imp                 Summ           ######..     1%          2    None
 Corpse Rot               Necr           N/A          1%          2    None
 Ensorcelled Hibernation  Hex/Ice        ######       1%          2    None
 Shroud of Golubria       Chrm/Tloc      ######       1%          2    None
 Slow                     Hex            ######..     1%          2    None
 Song of Slaying          Chrm           ######..     1%          2    None
 Sublimation of Blood     Necr           ######....   1%          2    None
 Swiftness                Chrm/Air       ######..     1%          2    None
 Throw Frost              Conj/Ice       ######       1%          2    None
 Call Canine Familiar     Summ           ######..     1%          3    None
 Confuse                  Hex            ######..     1%          3    None
 Conjure Flame            Conj/Fire      ######..     1%          3    None
 Dazzling Spray           Conj/Hex       ######       1%          3    None
 Gell's Gravitas          Tloc           ######....   1%          3    None
 Ignite Poison            Fire/Tmut/Pois ######..     1%          3    None
 Inner Flame              Hex/Fire       ######..     1%          3    None
 Lesser Beckoning         Tloc           ######....   1%          3    None
 Mephitic Cloud           Conj/Pois/Air  ######..     1%          3    None
 Ozocubu's Armour         Chrm/Ice       ######..     1%          3    None
 Portal Projectile        Hex/Tloc       ######       1%          3    None
 Recall                   Summ/Tloc      N/A          1%          3    None
 Regeneration             Chrm/Necr      ######....   1%          3    None
 Spectral Weapon          Hex/Chrm       ######..     1%          3    None
 Spider Form              Tmut/Pois      ######....   1%          3    None
 Static Discharge         Conj/Air       ######..     1%          3    None
 Stone Arrow              Conj/Erth      ######       1%          3    None
 Summon Guardian Golem    Hex/Summ       ######..     1%          3    None
 Teleport Other           Tloc           ######..     1%          3    None
 Tukima's Dance           Hex            ######..     1%          3    None
 Vampiric Draining        Necr           ######....   1%          3    None
 Animate Dead             Necr           N/A          1%          4    None
 Cause Fear               Hex            ######....   1%          4    None
 Force Lance              Conj/Tloc      ######..     1%          4    None
 Leda's Liquefaction      Hex/Erth       ######....   1%          4    None
 Olgreb's Toxic Radiance  Pois           ######..     1%          4    None
 Passage of Golubria      Tloc           N/A          1%          4    None
 Sticky Flame             Conj/Fire      ######..     1%          4    None
 Summon Ice Beast         Ice/Summ       ######..     1%          4    None
 Throw Icicle             Conj/Ice       ######..     1%          4    None
 Alistair's Intoxication  Tmut/Pois      ######..     1%          5    ###....
 Aura of Abjuration       Summ           ######....   1%          5    ###....
 Bolt of Draining         Conj/Necr      ######....   1%          5    ###....
 Bolt of Magma            Conj/Fire/Erth ######....   1%          5    ###....
 Excruciating Wounds      Chrm/Necr      ######....   1%          5    ###....
 Fireball                 Conj/Fire      ######....   1%          5    ###....
 Irradiate                Conj/Tmut      ######....   1%          5    ###....
 Lightning Bolt           Conj/Air       ######....   1%          5    ###....
 Metabolic Englaciation   Hex/Ice        ######....   1%          5    ###....
 Summon Forest            Summ/Tloc      ######....   1%          5    ###....
 Venom Bolt               Conj/Pois      ######....   1%          5    ###....
 Yara's Violent Unravell  Hex/Tmut       ######....   1%          5    ###....
 Bolt of Fire             Conj/Fire      ######....   3%          6    #####..
 Dispersal                Tloc           ######....   3%          6    #####..
 Hydra Form               Tmut           ######....   3%          6    #####..
 Invisibility             Hex            ######..     3%          6    #####..
 Summon Hydra             Summ           ######....   17%         7    ######.
 Ring of Flames           Chrm/Fire      ######....   19%         7    ######.
 Controlled Blink         Tloc           N/A          83%         8    #######
 Disjunction              Tloc           ######....   83%         8    #######
 Ignition                 Fire           ######....   83%         8    #######
 Shatter                  Erth           ######....   100%        9    #######


Dungeon Overview and Level Annotations

Branches:
Dungeon (15/15)            Temple (1/1) D:6            Lair (6/6) D:11
  Swamp (4/4) Lair:2        Snake (4/4) Lair:4        Slime (0/5) Lair:5
    Orc (2/2) D:9             Elf (3/3) Orc:2        Vaults (5/5) D:14
  Crypt (1/3) Vaults:3     Depths (5/5) D:15            Zot (5/5) Depths:5
 Bailey (visited)         Desolation (visited)      Gauntlet (visited)

Altars:
Ashenzari
Cheibriados
Dithmenos
Elyvilon
Fedhas
Gozag
Hepliaklqana
Kikubaaqudgha
Makhleb
Nemelex Xobeh
Okawaru
Qazlal
Ru
Sif Muna
Trog
Uskayaw
Vehumet
Wu Jian
Xom
Yredelemnul
Zin
The Shining One
Beogh
Jiyva

Shops:
D:4 *   D:5 :   Orc:1 *   Orc:2 [([[[   Elf:3 (   Snake:3 }=}   Vaults:3 ?
Vaults:4 :*   Vaults:5 ?}}

Portals:
Hell: Depths:1 Depths:2 Depths:3 Depths:4 Depths:5
Abyss: Depths:1 Depths:2 Depths:4
Pandemonium: Depths:3
Ziggurat: Depths:4

Annotations:
D:10 3 runed translucent doors
D:13 1 runed translucent door
D:14 2 transporters, Waowyila's ghost, adept GrEE
Snake:3 1 transporter
Orc:1 3 runed translucent doors, Kagalorn's ghost, journeyman MiWn
Orc:2 1 exclusion
Zot:5 1 runed translucent door, exclusions: door and 1 more exclusion, Merkolit's ghost, legendary CeHu


Innate Abilities, Weirdness & Mutations

Your experience applies equally to all skills.
You have very sharp teeth.
Your uncanny sense of smell can sniff out nearby items.
Scrolls take you a little longer to read.
You are dopey. (Int -2)
You are somewhat resistant to further mutation.
Potions are less effective at restoring your health.


Message History

You feel much better. You block the Orb Guardian's attack.
The Orb Guardian hits you.
* * * LOW HITPOINT WARNING * * *
You block the Orb Guardian's attack.
Your system partially rejects the healing.
You feel much better. You block the Orb Guardian's attack. x2
The Orb Guardian hits you but does no damage.
You block the Orb Guardian's attack. The Orb Guardian barely misses you.
You block the Orb Guardian's attack. The Orb Guardian hits you!!
* * * LOW HITPOINT WARNING * * *
Your system partially rejects the healing.
You feel much better. You block the Orb Guardian's attack.
The orb of fire glows yellow.
The bolt of fire hits you! You resist.
* * * LOW HITPOINT WARNING * * *
The electric golem hurls lightning at you.
The bolt of lightning hits the orb of fire.
The orb of fire completely resists.
The bolt of lightning misses you. You block the Orb Guardian's attack.
The Orb Guardian hits you!!
You die...

......................##
.......................# ********
....................^..▓**,,,{,,,
...................^...▓*..{,,,,,
▓.......^.........§§§..▓...,,,,,,
*▓.......^......§§{{§..{8..,,,,,,
*,............§§XX8§§..▓,,,,,,,,,
,,.........^..§XX*§§§§^▓*,,,,,,,,
,,........(...§X@XX§§..▓**,,,,,,,
,,............§§XX§..^.▓ ********
,,.............§§§....▓▓
*,.................^▓▓▓
***▓.............▓▓▓▓
*▓▓▓▓▓▓▓▓▓▓▓▓▓▓


You could see an orb of fire, an electric golem and 9 Orb Guardians.

Vanquished Creatures
  2 ancient liches
  5 orbs of fire
  Mennas (Vaults:1)
  Mara (Snake:3)
  A juggernaut (Depths:4)
  Boris (twice) (Depths:2 Depths:5)
  Bai Suzhen (Vaults:5)
  5 curse toes
  2 Killer Klowns (Zot:5)
  2 caustic shrikes (Depths:4)
  Margery (Vaults:2)
  7 golden dragons
  4 liches
  2 electric golems
  13 tentacled monstrosities
  11 Orb Guardians (Zot:5)
  3 deep elf blademasters
  9 quicksilver dragons
  5 death cobs
  Asterion (Depths:1)
  3 titans (Vaults:5)
  Gastronok (Orc:1)
  2 thorn hunters (Swamp:3)
  6 sphinxes
  A shadow dragon (shapeshifter) (D:8)
  Donald (Snake:2)
  4 draconian monks
  7 shadow dragons
  9 tengu reavers
  12 storm dragons
  12 fire giants
  A storm dragon (shapeshifter) (Vaults:5)
  11 nagarajas
  18 vault wardens
  10 frost giants
  7 draconian scorchers
  3 draconian shifters
  3 iron dragons (Vaults:5)
  5 draconian knights
  13 deep elf sorcerers
  2 ghost moths
  A juggernaut zombie (Depths:2)
  Louise (Depths:4)
  6 imperial myrmidons (Desolation)
  6 deep elf elementalists
  3 orc warlords
  4 draconian stormcallers
  2 angels (Elf:2)
  7 ironheart preservers
  A caustic shrike skeleton (Depths:2)
  2 spriggan defenders
  8 very ugly things
  A war gargoyle (Vaults:5)
  4 draconian annihilators
  31 stone giants
  An entropy weaver (Vaults:3)
  8 deep elf annihilators
  6 black draconians
  8 vampire knights
  5 deep elf demonologists
  9 purple draconians
  12 green draconians
  3 spark wasps
  Azrael (Elf:1)
  A minotaur (Gauntlet)
  2 halazid warlocks (Desolation)
  11 yellow draconians
  7 red draconians
  17 ettins
  15 white draconians
  Snorg (Orc:2)
  A merfolk javelineer (Depths:3)
  5 deep elf death magi
  15 fire dragons
  A crystal guardian (Desolation)
  5 deep elf high priests
  7 jiangshi
  19 ogre magi
  8 great orbs of eyes
  6 ragged hierophants (Desolation)
  7 servants of whispers (Desolation)
  Harold (D:6)
  22 yaktaur captains
  22 ice dragons
  A hell beast (Elf:3)
  34 vault guards
  3 catoblepae (Lair:6)
  8 rakshasas
  2 shambling mangroves (Swamp:4)
  37 hydras
  8 peacekeepers (Desolation)
  11 naga warriors
  5 spriggan air magi
  3 death knights
  5 alligators
  21 anacondas
  5 centaur warriors
  36 two-headed ogres
  24 dancing weapons
  18 deep troll shamans
  22 deep troll earth magi
  2 orc high priests (Orc:2)
  9 spriggan berserkers
  16 naga sharpshooters
  The ghost of Kagalorn the Ducker, a novice GnWn of Ashenzari (D:7)
  6 vampire magi
  10 tengu warriors
  4 death yaks
  3 hell hogs (Depths:4)
  6 shock serpents
  A fire crab (shapeshifter) (Depths:3)
  20 deep elf knights
  7 iron trolls
  7 salamander mystics
  9 hell knights
  2 spark wasp zombies (Depths:2)
  2 skeletal warriors (D:14)
  A sea snake (shapeshifter) (Depths:4)
  A shadow wraith (Vaults:5)
  7 sea snakes
  6 unseen horrors
  41 deep trolls
  5 flayed ghosts
  A death drake (Zot:1)
  14 swamp dragons
  7 wizards
  2 spriggan druids (Swamp:4)
  12 naga ritualists
  5 glowing orange brains
  Pikel (D:5)
  17 ironbrand convokers
  An obsidian statue (Gauntlet)
  2 golden dragon skeletons (Depths:2)
  5 lindwurms
  15 deep elf archers
  8 phantasmal warriors
  9 harpies
  14 orc knights
  A wolf spider zombie (D:14)
  6 wolf spiders
  18 mana vipers
  A mana viper (shapeshifter) (Vaults:5)
  43 deep elf magi
  A harpy (shapeshifter) (D:14)
  6 necromancers
  2 frost giant zombies (D:15)
  A fire giant zombie (Depths:2)
  6 orc sorcerers
  63 ugly things
  A salamander (shapeshifter) (D:13)
  12 salamanders
  7 cyclopes
  A fire giant skeleton (Depths:2)
  32 moths of wrath
  9 manticores
  4 elephants (Lair:3)
  A stone giant skeleton (Depths:2)
  29 naga magi
  2 sphinx skeletons (Depths:2)
  4 centaur zombies
  49 black mambas
  11 guardian serpents
  13 vault sentinels
  4 torpor snails (Lair:2)
  A black mamba (shapeshifter) (Depths:1)
  3 molten gargoyles (Desolation)
  8 spiny frogs
  8 komodo dragons
  An elf skeleton (D:15)
  3 efreet
  4 spriggan zombies
  8 freezing wraiths
  11 rime drakes
  50 yaktaurs
  An ice devil (Depths:3)
  2 kobold demonologists
  11 trolls
  5 tengu conjurers
  2 trolls (shapeshifter)
  10 tyrant leeches
  A polar bear (Lair:6)
  49 saltlings (Desolation)
  A meliai (D:13)
  10 bog bodies
  14 hornets
  Prince Ribbit (D:9)
  A hornet (shapeshifter) (D:15)
  16 blink frogs
  41 slime creatures
  A raiju (shapeshifter) (Vaults:5)
  8 hippogriffs
  A meliai zombie (D:11)
  A human simulacrum (Vaults:2)
  2 air elementals (Elf:3)
  4 flying skulls (Depths:2)
  A centaur simulacrum (Gauntlet)
  8 spriggans
  2 spriggan skeletons (Depths:2)
  A tarantella (shapeshifter) (Vaults:5)
  12 water elementals
  Sigmund (D:2)
  2 redbacks (Vaults:3)
  2 ettin skeletons (Depths:2)
  10 fire elementals
  4 wyverns
  2 shadows
  6 wraiths
  2 humans (D:7)
  A basilisk (shapeshifter) (Vaults:1)
  32 yaks
  4 hungry ghosts
  A basilisk (Lair:3)
  2 steam dragons (Lair:4)
  15 vampire mosquitoes
  Menkaure (D:3)
  52 nagas
  5 large abominations (Elf:1)
  A harpy simulacrum (Vaults:1)
  23 insubstantial wisps
  7 wargs
  A redback simulacrum (D:15)
  14 swamp worms
  3 acid dragons
  2 soldier ants (D:13)
  22 water moccasins
  2 floating eyes (Depths:4)
  14 hell hounds
  9 swamp drakes
  12 porcupines
  6 sky beasts
  65 orc warriors
  2 black bears
  2 ice beasts
  An ettin simulacrum (Vaults:3)
  2 eyes of draining
  52 ogres
  4 necrophages
  10 centaurs
  7 phantoms
  7 boggarts
  A wolf (shapeshifter) (Vaults:5)
  5 wolves (Lair:2)
  10 crocodiles
  An elf zombie (Elf:1)
  An earth elemental (Elf:1)
  15 bullfrogs
  8 scorpions
  13 killer bees
  2 orc simulacra
  An elf simulacrum (Vaults:3)
  2 howler monkeys
  5 wights (D:9)
  14 electric eels
  5 bullfrog zombies
  10 crimson imps
  A wyvern simulacrum (Gauntlet)
  23 orc priests
  11 hounds
  A quasit (D:7)
  Crazy Yiuf (D:6)
  7 centaur skeletons
  9 jellies
  34 orc wizards
  A bullfrog skeleton (D:8)
  3 iguanas
  Natasha (thrice) (D:2)
  7 worker ants
  A killer bee zombie (D:10)
  A bullfrog simulacrum (Gauntlet)
  A hound zombie (D:6)
  12 gnolls
  15 adders
  7 shadow imps
  4 white imps
  5 oozes
  An adder zombie (D:8)
  4 worms
  4 dart slugs
  9 leopard geckos
  130 orcs
  7 bats
  6 giant cockroaches
  20 goblins
  12 hobgoblins
  28 jackals
  20 kobolds
  5 quokkas
  4 ball pythons
  7 frilled lizards
  2 jackal skeletons
  A leopard gecko skeleton (D:8)
  A quokka skeleton (D:4)
  A quokka zombie (D:5)
  6 rats
  A spectral orc (D:4)
  5 briar patches (Swamp:3)
  4 fungi
  5 plants
  2 withered plants (D:15)
2599 creatures vanquished.

Vanquished Creatures (others)
  A golden dragon (Zot:5)
  A deep elf master archer (Elf:3)
  2 draconian monks (Zot:5)
  A draconian knight (Zot:5)
  A draconian scorcher (Zot:5)
  A draconian stormcaller (Zot:5)
  A green draconian (Zot:5)
  A deep elf demonologist (Vaults:2)
  2 yellow draconians
  A red draconian (Zot:5)
  A jiangshi (Depths:2)
  A naga warrior (Snake:2)
  A vault guard (Vaults:5)
  An ogre mage (Depths:2)
  A deep elf archer (Elf:3)
  An orc knight (Vaults:2)
  An ironbrand convoker (Desolation)
  A deep elf mage (Vaults:4)
  A moth of wrath (Zot:2)
  A naga mage (Snake:4)
  A rime drake (Lair:4)
  4 yaktaurs
  A saltling (Desolation)
  A spriggan (Depths:4)
  4 steam dragons (Lair:4)
  2 ogres
  A bullfrog (D:6)
  An adder (D:6)
  2 orcs
  A briar patch (Swamp:3)
  40 fungi
  17 plants
  19 withered plants
116 creatures vanquished.

Grand Total: 2715 creatures vanquished

Notes
Turn   | Place    | Note
-------+----------+-------------------------------------------
     0 | D:1      | Kagalorn the Gnoll Wanderer began the quest for the Orb.
     0 | D:1      | Kagalorn set off with the following items: a +0 club, a
                  | potion of lignification, a +2 scale mail, a ration; and the
                  | following spell memorised: Sting; and the following spells
                  | available to memorise: Spider Form
     0 | D:1      | Reached XP level 1. HP: 17/17 MP: 4/4
   142 | D:1      | Reached XP level 2. HP: 19/23 MP: 5/5
   502 | D:1      | Reached XP level 3. HP: 25/28 MP: 7/7
   917 | D:1      | Reached skill level 1 in Invocations
  1078 | D:1      | Reached skill level 1 in Short Blades
  1078 | D:1      | Reached skill level 1 in Long Blades
  1078 | D:1      | Reached skill level 1 in Axes
  1078 | D:1      | Reached skill level 1 in Maces & Flails
  1078 | D:1      | Reached skill level 1 in Polearms
  1078 | D:1      | Reached skill level 1 in Staves
  1078 | D:1      | Reached skill level 1 in Slings
  1078 | D:1      | Reached skill level 1 in Bows
  1078 | D:1      | Reached skill level 1 in Dodging
  1078 | D:1      | Reached skill level 1 in Shields
  1078 | D:1      | Reached skill level 1 in Unarmed Combat
  1078 | D:1      | Reached skill level 1 in Evocations
  1195 | D:2      | Reached XP level 4. HP: 7/34 MP: 8/8
  2054 | D:2      | Noticed Sigmund
  2181 | D:3      | Reached skill level 1 in Conjurations
  2181 | D:3      | Reached skill level 1 in Hexes
  2181 | D:3      | Reached skill level 1 in Charms
  2181 | D:3      | Reached skill level 1 in Necromancy
  2181 | D:3      | Reached skill level 1 in Translocations
  2181 | D:3      | Reached skill level 1 in Transmutations
  2181 | D:3      | Reached skill level 1 in Fire Magic
  2181 | D:3      | Reached skill level 1 in Ice Magic
  2181 | D:3      | Reached skill level 1 in Air Magic
  2181 | D:3      | Reached skill level 1 in Earth Magic
  2377 | D:3      | Reached XP level 5. HP: 20/40 MP: 9/9
  3408 | D:3      | HP: 1/41 [gnoll/+0 halberd (9)]
  3871 | D:3      | Reached XP level 6. HP: 41/47 MP: 10/10
  3892 | D:4      | Reached skill level 2 in Invocations
  4152 | D:4      | Noticed Menkaure
  4173 | D:3      | Killed Menkaure
  4549 | D:4      | Reached XP level 7. HP: 28/52 MP: 1/12
  4971 | D:4      | Found Houfiro's General Store.
  5072 | D:4      | Found a basalt altar of Yredelemnul.
  5209 | D:5      | Entered Level 5 of the Dungeon
  5640 | D:5      | Learned a level 1 spell: Freeze
  5649 | D:5      | Reached skill level 3 in Invocations
  5657 | D:5      | Found a burning altar of Makhleb.
  5685 | D:5      | Found Doaluip's Book Boutique.
  5718 | D:5      | Reached XP level 8. HP: 58/60 MP: 14/14
  5730 | D:5      | Found an opulent altar of Gozag.
  6938 | D:6      | Found a runed translucent door.
  6939 | D:6      | Noticed Crazy Yiuf
  7117 | D:6      | Found a shimmering altar of Xom.
  7119 | D:6      | Noticed Pikel
  7156 | D:5      | Killed Pikel
  7156 | D:5      | Reached skill level 5 in Summonings
  7156 | D:5      | Reached skill level 5 in Poison Magic
  7156 | D:5      | Reached skill level 4 in Invocations
  7156 | D:5      | Reached XP level 9. HP: 57/66 MP: 9/16
  7232 | D:6      | Found a blossoming altar of Fedhas.
  7271 | D:6      | Found a staircase to the Ecumenical Temple.
  7328 | Temple   | Entered the Ecumenical Temple
  7714 | Temple   | Became a worshipper of Ashenzari the Shackled
  7845 | D:6      | Found a shimmering altar of Xom.
  7846 | D:6      | Found a hazy altar of Hepliaklqana.
  7847 | D:6      | Noticed a spectral ugly thing
  8254 | D:6      | Killed Crazy Yiuf
  8501 | D:2      | Noticed Natasha
  8520 | D:2      | Killed Natasha
  9371 | D:2      | Killed Sigmund
  9371 | D:2      | Reached skill level 5 in Spellcasting
  9804 | D:2      | Noticed Natasha
  9816 | D:2      | Killed Natasha
 10488 | D:2      | Noticed Natasha
 10505 | D:2      | Killed Natasha
 10654 | D:7      | Noticed Harold
 10730 | D:6      | Reached skill level 5 in Fighting
 10730 | D:6      | Reached skill level 5 in Crossbows
 10730 | D:6      | Reached skill level 5 in Throwing
 10730 | D:6      | Reached skill level 5 in Armour
 10784 | D:6      | Killed Harold
 10784 | D:6      | Reached skill level 5 in Stealth
 10784 | D:6      | Reached skill level 5 in Invocations
 11519 | D:7      | Found a glowing golden altar of the Shining One.
 11628 | D:7      | Found an iron altar of Okawaru.
 11648 | D:7      | Reached XP level 10. HP: 48/74 MP: 8/18
 11869 | D:7      | Reached * piety under Ashenzari
 11881 | D:7      | Found a runed translucent door.
 11881 | D:7      | Found a shimmering altar of Xom.
 11881 | D:7      | Noticed Kagalorn's ghost (novice GnWn)
 11881 | D:7      | Noticed a +0 hand axe of chaos
 12477 | D:8      | Found a large runed translucent door.
 12478 | D:8      | Found a large runed translucent door.
 12490 | D:8      | Found a large runed translucent door.
 12490 | D:8      | Found a large runed translucent door.
 12518 | D:8      | Identified Sif Muna's Tome of the Rocks
 12864 | D:8      | Reached skill level 5 in Short Blades
 12864 | D:8      | Reached skill level 5 in Long Blades
 12864 | D:8      | Reached skill level 5 in Axes
 12864 | D:8      | Reached skill level 5 in Maces & Flails
 12864 | D:8      | Reached skill level 5 in Polearms
 12864 | D:8      | Reached skill level 5 in Staves
 12864 | D:8      | Reached skill level 5 in Slings
 12864 | D:8      | Reached skill level 5 in Bows
 12864 | D:8      | Reached skill level 5 in Dodging
 12864 | D:8      | Reached skill level 5 in Shields
 12864 | D:8      | Reached skill level 5 in Unarmed Combat
 12864 | D:8      | Reached skill level 5 in Evocations
 13347 | D:7      | Learned a level 2 spell: Passwall
 13510 | D:8      | Found a sacrificial altar of Ru.
 13640 | D:8      | Found a stormy altar of Qazlal.
 13802 | D:8      | Noticed a purple ugly thing
 13827 | D:8      | Killed a purple ugly thing
 14166 | D:8      | Identified the Volume of Creative Combat Magic
 14170 | D:8      | Learned a level 1 spell: Shock
 14542 | D:9      | Noticed Prince Ribbit
 14556 | D:9      | Killed Prince Ribbit
 14626 | D:9      | Reached skill level 6 in Invocations
 15057 | D:9      | Found a staircase to the Orcish Mines.
 15632 | D:9      | Reached XP level 11. HP: 67/82 MP: 20/20
 16406 | D:9      | Got the uncursed scale mail "Sirphuj" {rPois rC- Int+6
                  | SInv}
 16648 | D:9      | Found a sparkling altar of Nemelex Xobeh.
 16869 | D:10     | Entered Level 10 of the Dungeon
 17103 | D:10     | Reached skill level 5 in Conjurations
 17103 | D:10     | Reached skill level 5 in Hexes
 17103 | D:10     | Reached skill level 5 in Charms
 17103 | D:10     | Reached skill level 5 in Necromancy
 17103 | D:10     | Reached skill level 5 in Translocations
 17103 | D:10     | Reached skill level 5 in Transmutations
 17103 | D:10     | Reached skill level 5 in Fire Magic
 17103 | D:10     | Reached skill level 5 in Ice Magic
 17103 | D:10     | Reached skill level 5 in Air Magic
 17103 | D:10     | Reached skill level 5 in Earth Magic
 17163 | D:10     | Paralysed by a hornet for 2 turns
 17527 | D:10     | Got the war axe of the Undead {flame, rPois rF+ Int+4}
 17529 | D:10     | Identified the +10 war axe of the Undead {flame, rPois rF+
                  | Int+4} (You found it on level 10 of the Dungeon)
 17771 | D:10     | Noticed an ice dragon
 17805 | D:10     | Killed an ice dragon
 18025 | D:10     | Noticed a two-headed ogre
 18061 | D:10     | Killed a two-headed ogre
 18061 | D:10     | Reached skill level 7 in Invocations
 18278 | D:10     | Found a runed translucent gate.
 18280 | D:10     | Noticed a green very ugly thing
 18281 | D:10     | Found a runed translucent gate.
 18281 | D:10     | Noticed a cyan ugly thing
 18281 | D:10     | Noticed a purple ugly thing
 18282 | D:10     | Noticed a white ugly thing
 18285 | D:10     | Noticed a glowing orange brain
 18285 | D:10     | Noticed a white ugly thing
 18286 | D:10     | Found a runed translucent gate.
 18286 | D:10     | Noticed a red ugly thing
 18544 | D:11     | Noticed a two-headed ogre
 18556 | D:11     | Killed a two-headed ogre
 18567 | D:11     | Reached ** piety under Ashenzari
 18585 | D:11     | Found a flagged portal.
 18659 | Bailey   | Entered a bailey
 18680 | Bailey   | Noticed an orc warlord
 18818 | Bailey   | Found a runed translucent gate.
 18820 | Bailey   | Found a runed translucent gate.
 18822 | Bailey   | Found a runed translucent gate.
 18883 | Bailey   | Killed an orc warlord
 18883 | Bailey   | Reached XP level 12. HP: 31/91 MP: 7/23
 18911 | Bailey   | Reached skill level 8 in Invocations
 18911 | Bailey   | Reached XP level 13. HP: 41/98 MP: 12/25
 18912 | Bailey   | Reached XP level 14. HP: 45/106 MP: 12/26
 19195 | D:11     | Found a shadowy altar of Dithmenos.
 19579 | D:11     | Reached skill level 9 in Invocations
 19607 | D:11     | Found a portal to a secret trove of treasure.
 19661 | D:11     | Found a staircase to the Lair.
 20021 | Lair:1   | Entered Level 1 of the Lair of Beasts
 20094 | Lair:1   | Found a gate leading to a gauntlet.
 20117 | Gauntlet | Entered a Gauntlet
 20117 | Gauntlet | Found a transporter.
 20117 | Gauntlet | Found a transporter.
 20118 | Gauntlet | Found a transporter.
 20120 | Gauntlet | Found a transporter.
 20122 | Gauntlet | Found a transporter.
 20123 | Gauntlet | Found a transporter.
 20128 | Gauntlet | Found a transporter.
 20131 | Gauntlet | Found a transporter.
 20131 | Gauntlet | Found a transporter.
 20133 | Gauntlet | Found a transporter.
 20142 | Gauntlet | Found a transporter.
 20149 | Gauntlet | Found a transporter.
 20222 | Gauntlet | Found a runed translucent door.
 20231 | Gauntlet | Reached *** piety under Ashenzari
 20245 | Gauntlet | Identified the ring of Buxt {*Corrode +Blink Int+5 Dex+10}
 20373 | Gauntlet | Learned a level 5 spell: Lee's Rapid Deconstruction
 21480 | Lair:2   | Learned a level 4 spell: Petrify
 21543 | Lair:2   | Found a snail-covered altar of Cheibriados.
 21969 | Lair:2   | Found a staircase to the Swamp.
 22217 | Lair:3   | Reached **** piety under Ashenzari
 23638 | Lair:4   | Reached ***** piety under Ashenzari
 23678 | Lair:4   | Reached XP level 15. HP: 90/114 MP: 22/28
 24001 | Lair:4   | Reached skill level 10 in Invocations
 24125 | Lair:4   | Found a staircase to the Snake Pit.
 24522 | Lair:5   | Found a runed translucent door.
 24527 | Lair:5   | Found a viscous altar of Jiyva.
 24528 | Lair:5   | Found a staircase to the Slime Pits.
 25124 | Lair:6   | Entered Level 6 of the Lair of Beasts
 25145 | Lair:6   | Identified the ring of Fuuxkaih {+Fly rPois}
 25909 | Lair:5   | Reached skill level 10 in Spellcasting
 26053 | Lair:6   | Reached skill level 10 in Fighting
 26053 | Lair:6   | Reached skill level 10 in Crossbows
 26053 | Lair:6   | Reached skill level 10 in Throwing
 26053 | Lair:6   | Reached skill level 10 in Armour
 26297 | Lair:6   | Reached skill level 10 in Stealth
 26461 | Lair:6   | Identified the cursed +1 falchion of Dust {protect, Int+3}
 26881 | D:8      | Noticed a shadow dragon
 26908 | D:8      | Killed a shadow dragon
 26956 | D:7      | Killed Kagalorn's ghost
 28477 | D:13     | Reached ****** piety under Ashenzari
 28723 | D:13     | Found a runed translucent door.
 28723 | D:13     | Noticed a fire giant
 28723 | D:13     | Noticed a sphinx
 28724 | D:13     | Identified the +11 flail of Qahal {pain, rN+ Int+4 Stlth+}
 28782 | D:13     | Reached skill level 10 in Short Blades
 28782 | D:13     | Reached skill level 10 in Long Blades
 28782 | D:13     | Reached skill level 10 in Axes
 28782 | D:13     | Reached skill level 10 in Maces & Flails
 28782 | D:13     | Reached skill level 10 in Polearms
 28782 | D:13     | Reached skill level 10 in Staves
 28782 | D:13     | Reached skill level 10 in Slings
 28782 | D:13     | Reached skill level 10 in Bows
 28782 | D:13     | Reached skill level 10 in Dodging
 28782 | D:13     | Reached skill level 10 in Shields
 28782 | D:13     | Reached skill level 10 in Unarmed Combat
 28782 | D:13     | Reached skill level 10 in Evocations
 28999 | D:13     | Reached XP level 16. HP: 106/123 MP: 27/30
 29090 | D:13     | Noticed a storm dragon
 29556 | Orc:1    | Entered Level 1 of the Orcish Mines
 29875 | Orc:2    | Entered Level 2 of the Orcish Mines
 30082 | Orc:1    | Reached skill level 11 in Invocations
 30320 | Orc:2    | Found a staircase to the Elven Halls.
 30355 | Orc:2    | Found a roughly hewn altar of Beogh.
 30396 | Orc:2    | Noticed Snorg
 30405 | Orc:2    | Killed Snorg
 30418 | Orc:2    | Found a roughly hewn altar of Beogh.
 30584 | Orc:2    | Found a roughly hewn altar of Beogh.
 30584 | Orc:2    | Found Liumn's Antique Armour Shop.
 30862 | Orc:2    | Found a roughly hewn altar of Beogh.
 30871 | Orc:2    | Found Cauwya's Antique Armour Boutique.
 30902 | Orc:2    | Found a roughly hewn altar of Beogh.
 31004 | Orc:2    | Found Tocw's Armour Shoppe.
 31286 | Orc:2    | Found Ebbimifa's Antique Armour Emporium.
 31286 | Orc:2    | Found a roughly hewn altar of Beogh.
 31288 | Orc:2    | Found Wavosov's Antique Weapon Shoppe.
 31407 | Orc:1    | Noticed Gastronok
 31424 | Orc:1    | Found a runed translucent gate.
 31425 | Orc:1    | Found a runed translucent gate.
 31426 | Orc:1    | Noticed Kagalorn's ghost (journeyman MiWn)
 31428 | Orc:1    | Found a runed translucent gate.
 31429 | Orc:1    | Found Qowamatz's Assorted Antiques.
 31429 | Orc:1    | Found an iron altar of Okawaru.
 31643 | Orc:1    | Killed Gastronok
 31690 | Orc:2    | Bought a polished crystal plate armour for 2125 gold pieces
 31707 | Orc:2    | Identified the +11 crystal plate armour of Lueps {rPois
                  | MR++} (You bought it in a shop on level 2 of the Orcish
                  | Mines)
 31789 | Orc:2    | Found a roughly hewn altar of Beogh.
 31817 | Orc:2    | Found a roughly hewn altar of Beogh.
 31938 | Orc:2    | Bought a pair of transparent gloves for 304 gold pieces
 31938 | Orc:2    | Identified the cursed +0 pair of gloves of the Cockroach
                  | {Stlth+} (You bought it in a shop on level 2 of the Orcish
                  | Mines)
 31938 | Orc:2    | Bought a translucent shield for 304 gold pieces
 31953 | Orc:2    | Identified the +1 shield of Paranoia {+Inv rElec rC+++
                  | Slay-3} (You bought it in a shop on level 2 of the Orcish
                  | Mines)
 32277 | D:13     | Killed a storm dragon
 32307 | D:13     | Learned a level 2 spell: Blink
 32379 | D:13     | Identified the +4 scale mail "Sirphuj" {rPois rC- Int+6
                  | SInv} (You found it on level 9 of the Dungeon)
 32715 | D:14     | Found a shadowy altar of Dithmenos.
 32865 | D:14     | Found a transporter.
 32865 | D:14     | Noticed Waowyila's ghost (adept GrEE)
 32866 | D:14     | Identified the +4 great mace of Radicalism {flame, *Contam
                  | rF+ rC+ Dex+4}
 32867 | D:14     | Identified the cursed +0 pair of gloves of Day {Str-2 Int+4
                  | Slay+2}
 32867 | D:14     | Found a transporter.
 33126 | D:14     | Found a gate to the Vaults.
 33284 | D:15     | Entered Level 15 of the Dungeon
 33424 | D:15     | Found a staircase to the Depths.
 33852 | D:15     | Reached XP level 17. HP: 122/131 MP: 30/32
 34316 | Swamp:1  | Entered Level 1 of the Swamp
 34345 | Lair:2   | Reached skill level 10 in Summonings
 34345 | Lair:2   | Reached skill level 10 in Poison Magic
 35555 | Swamp:2  | Found a glowing silver altar of Zin.
 35969 | Swamp:3  | Reached skill level 12 in Invocations
 36624 | Swamp:4  | Entered Level 4 of the Swamp
 37473 | Swamp:4  | Got a decaying rune of Zot
 38012 | Snake:1  | Entered Level 1 of the Snake Pit
 38041 | Snake:1  | Reached XP level 18. HP: 119/140 MP: 28/33
 38506 | Snake:2  | Reached skill level 10 in Conjurations
 38506 | Snake:2  | Reached skill level 10 in Hexes
 38506 | Snake:2  | Reached skill level 10 in Charms
 38506 | Snake:2  | Reached skill level 10 in Necromancy
 38506 | Snake:2  | Reached skill level 10 in Translocations
 38506 | Snake:2  | Reached skill level 10 in Transmutations
 38506 | Snake:2  | Reached skill level 10 in Fire Magic
 38506 | Snake:2  | Reached skill level 10 in Ice Magic
 38506 | Snake:2  | Reached skill level 10 in Air Magic
 38506 | Snake:2  | Reached skill level 10 in Earth Magic
 38744 | Snake:2  | Noticed Donald
 38760 | Snake:2  | Killed Donald
 39859 | Snake:2  | Learned a level 4 spell: Airstrike
 39940 | Snake:3  | Reached skill level 13 in Invocations
 39992 | Snake:3  | Found a transporter.
 39995 | Snake:3  | Found a shimmering blue altar of Sif Muna.
 40817 | Snake:3  | Found Qeoli's Gadget Shoppe.
 40817 | Snake:3  | Found Ryesch's Jewellery Shop.
 40818 | Snake:3  | Found Edu Leakh's Gadget Shoppe.
 40846 | Snake:3  | Identified the +12 trident "Jerhish" {pierce, rF++ Int+3
                  | SInv}
 41008 | Snake:4  | Entered Level 4 of the Snake Pit
 41026 | Snake:4  | Reached XP level 19. HP: 147/147 MP: 35/35
 41047 | Snake:4  | Noticed Mara
 41057 | Snake:4  | Noticed Kagalorn's illusion
 41273 | Snake:3  | Killed Mara
 43978 | Snake:4  | Reached XP level 20. HP: 115/156 MP: 34/37
 44009 | Snake:4  | Got a serpentine rune of Zot
 44347 | Vaults:1 | Entered Level 1 of the Vaults
 44956 | Vaults:1 | Reached skill level 14 in Invocations
 45748 | Vaults:2 | Found a glowing golden altar of the Shining One.
 45792 | Vaults:2 | Noticed Mennas
 45807 | Vaults:1 | Killed Mennas
 46062 | Vaults:2 | Noticed a Brimstone Fiend
 46336 | Vaults:2 | Noticed Margery
 46353 | Vaults:2 | Killed Margery
 46852 | Vaults:2 | Reached XP level 21. HP: 146/163 MP: 38/38
 47745 | Vaults:3 | Identified Tewugu's Papyrus of Cankerous Weightlessness
 47872 | Vaults:3 | Found Yvoch's Magic Scroll Emporium.
 48363 | Vaults:3 | Found a staircase to the Crypt.
 48839 | Crypt:1  | Entered Level 1 of the Crypt
 48985 | Vaults:4 | Reached skill level 15 in Invocations
 49241 | Vaults:4 | Found Unoetiz's Assorted Antiques.
 49256 | Vaults:4 | Bought a scroll labeled JOINLU ROMAWUTY for 31 gold pieces
 49257 | Vaults:4 | Identified 2 scrolls of acquirement
 49261 | Vaults:4 | Identified the cursed amulet of Lies {Acrobat rPois} (You
                  | acquired it on level 4 of the Vaults)
 49337 | Vaults:4 | Found Caosch's Book Emporium.
 49664 | Vaults:4 | Reached XP level 22. HP: 172/172 MP: 40/40
 50620 | Elf:1    | Entered Level 1 of the Elven Halls
 50902 | Elf:1    | Noticed Azrael
 50925 | Elf:1    | Killed Azrael
 51034 | Elf:1    | Identified Quboes's Incunabulum of Black Rites
 51490 | Elf:2    | Found a glowing golden altar of the Shining One.
 51490 | Elf:2    | Found a glowing silver altar of Zin.
 51491 | Elf:2    | Found a ruined gateway.
 51492 | Elf:2    | Found a white marble altar of Elyvilon.
 51559 | Desolati | Entered the Desolation of Salt
 51875 | Desolati | Identified the +8 glaive of Husmyiv {drain, Dex+3}
 51905 | Desolati | Identified the Collected Works on Intoxication
 52018 | Desolati | Identified the ring of Rimoar {rN+ Str-5 Int+2 Dex+4}
 52018 | Desolati | Identified the ring of Rurph {rCorr Dex+4}
 52021 | Desolati | Identified the Incunabulum of Enchanting Toxins
 52030 | Desolati | Identified Waedicw's Grimoire of Cankerous Heat
 52517 | Desolati | Identified the +6 arbalest of Indomitability {elec, Str+5}
 52542 | Desolati | Identified Utacve's Almanac of Battle Magic
 52812 | Elf:2    | Learned a level 5 spell: Silence
 52866 | Elf:2    | Found a radiant altar of Vehumet.
 53121 | Elf:2    | Found a huge runed translucent gate.
 53121 | Elf:2    | Found a huge runed translucent gate.
 53121 | Elf:2    | Found a huge runed translucent gate.
 53121 | Elf:2    | Found a huge runed translucent gate.
 53121 | Elf:2    | Found a huge runed translucent gate.
 53314 | Elf:2    | Reached XP level 23. HP: 114/180 MP: 41/41
 53860 | Elf:3    | Entered Level 3 of the Elven Halls
 54137 | Elf:3    | Identified the ring "Jempiff" {+Inv AC+6 Str+2 Slay+3}
 54201 | Elf:3    | Identified the +3 chain mail of Qolixted {rN+ MR+}
 54331 | Elf:3    | Found Huprimes's Weapon Emporium.
 54491 | Elf:3    | Reached skill level 15 in Spellcasting
 54539 | Elf:3    | Reached skill level 15 in Fighting
 54539 | Elf:3    | Reached skill level 15 in Crossbows
 54539 | Elf:3    | Reached skill level 15 in Throwing
 54539 | Elf:3    | Reached skill level 15 in Armour
 54561 | Elf:3    | Reached skill level 15 in Stealth
 54574 | Elf:3    | Reached skill level 16 in Invocations
 55058 | Elf:3    | Reached skill level 15 in Short Blades
 55058 | Elf:3    | Reached skill level 15 in Long Blades
 55058 | Elf:3    | Reached skill level 15 in Axes
 55058 | Elf:3    | Reached skill level 15 in Maces & Flails
 55058 | Elf:3    | Reached skill level 15 in Polearms
 55058 | Elf:3    | Reached skill level 15 in Staves
 55058 | Elf:3    | Reached skill level 15 in Slings
 55058 | Elf:3    | Reached skill level 15 in Bows
 55058 | Elf:3    | Reached skill level 15 in Dodging
 55058 | Elf:3    | Reached skill level 15 in Shields
 55058 | Elf:3    | Reached skill level 15 in Unarmed Combat
 55058 | Elf:3    | Reached skill level 15 in Evocations
 55197 | Elf:3    | Identified the amulet of Mistrust {+Blink +Rage rPois Int+5
                  | Slay+3}
 55256 | Elf:3    | Identified the +4 flail of Utroval {protect, rPois rC+
                  | SInv}
 55260 | Elf:3    | Identified the cursed +1 ring mail of Kohod {rN++ MR+++
                  | Int-3 Slay+5}
 55261 | Elf:3    | Identified the +9 arbalest "Demonbane" {elec, rPois SInv}
 55262 | Elf:3    | Identified the +2 dagger of Drought {venom, +Blink Int+7}
 55340 | Elf:3    | Identified Ejaptyqu's Handbook of Boosting Changing
 55823 | Orc:2    | Bought +2 fire dragon scales for 792 gold pieces
 55991 | D:11     | You paid a toll of +4 fire dragon scales to enter a
                  | treasure trove
 55992 | Trove    | Entered a treasure trove
 55995 | Trove    | Identified the cursed ring "Vebbiudi" {Str+3 Int+4}
 55995 | Trove    | Identified the cursed ring of Apiamo {rElec rF- MP+9 SInv}
 55995 | Trove    | Identified the ring "Puscheex" {+Inv rN+ Str+8 Int+3 Dex-4}
 55997 | Trove    | Identified the cursed ring "Lereblar" {rN+ rCorr}
 55997 | Trove    | Identified the cursed ring of Zimyzifu {MR+ AC-2 Stlth+}
 56204 | Depths:1 | Entered Level 1 of the Depths
 56573 | Depths:1 | Reached XP level 24. HP: 161/189 MP: 42/42
 56770 | Depths:1 | Noticed Asterion
 56791 | Depths:1 | Killed Asterion
 57012 | Depths:1 | Found a one-way gate to the infinite horrors of the Abyss.
 57063 | Depths:1 | Found a gateway to Hell.
 57126 | Depths:1 | Identified the +1 robe of the Disturbing Wishes {rElec}
 57372 | Depths:2 | Noticed an ancient lich
 58017 | Depths:1 | Killed an ancient lich
 58312 | Depths:2 | Identified the Compendium of Displaced Moulding
 58748 | Depths:2 | Found a snail-covered altar of Cheibriados.
 58772 | Depths:2 | Noticed Boris
 58786 | Depths:2 | Killed Boris
 58997 | Depths:3 | Reached XP level 25. HP: 153/197 MP: 42/42
 59033 | Depths:3 | Reached skill level 17 in Invocations
 59904 | Depths:3 | Found a one-way gate leading to the halls of Pandemonium.
 59918 | Depths:4 | Identified the +2 broad axe "Grim Tooth" {venom, Str+2 SInv
                  | Stlth+}
 60162 | Depths:4 | Found a gateway to a ziggurat.
 60324 | Depths:4 | Paralysed by a floating eye for 2 turns
 60403 | Depths:4 | Noticed Louise
 60413 | Depths:4 | Killed Louise
 60450 | Depths:4 | Identified the +5 plate armour of Gravitas {rC++}
 60890 | Depths:4 | Identified the +1 ring mail of Magic {MR+ Int+4 Stlth-}
 61069 | Depths:4 | Paralysed by a floating eye for 2 turns
 61079 | Depths:4 | Paralysed by a floating eye for 3 turns
 61120 | Depths:4 | Learned a level 4 spell: Summon Lightning Spire
 61200 | Depths:4 | Reached XP level 26. HP: 179/206 MP: 43/43
 61402 | Depths:5 | Entered Level 5 of the Depths
 61410 | Depths:5 | Noticed a juggernaut
 61439 | Depths:4 | Killed a juggernaut
 61491 | Depths:5 | Noticed Boris
 61774 | Depths:5 | Killed Boris
 61868 | Depths:5 | Found a gate to the Realm of Zot.
 62484 | Vaults:5 | Entered Level 5 of the Vaults
 62484 | Vaults:5 | Identified the +1 chain mail of Qadatodio {rPois Slay+3
                  | Stlth-}
 62626 | Vaults:5 | Reached skill level 18 in Invocations
 63072 | Vaults:5 | Reached XP level 27. HP: 137/214 MP: 44/44
 63258 | Vaults:5 | Reached skill level 15 in Summonings
 63258 | Vaults:5 | Reached skill level 15 in Poison Magic
 63952 | Vaults:5 | Got a silver rune of Zot
 64097 | Vaults:5 | Found Lemeonae's Gadget Boutique.
 64097 | Vaults:5 | Found Posyaw's Book Shoppe.
 64116 | Vaults:5 | Noticed Bai Suzhen
 64124 | Vaults:5 | Killed Bai Suzhen
 64148 | Vaults:5 | Found Baj Howa Yxo's Magic Scroll Shop.
 64210 | Vaults:5 | Found Vusif's Gadget Emporium.
 64499 | Vaults:5 | Got the cursed pair of boots of the Lost Path {MR+ Dex-4
                  | Slay+6 SInv}
 64506 | Vaults:5 | Identified the cursed +0 pair of boots of the Lost Path
                  | {MR+ Dex-4 Slay+6 SInv} (You acquired it on level 5 of the
                  | Vaults)
 64612 | Vaults:5 | Bought a scroll of magic mapping for 70 gold pieces
 64612 | Vaults:5 | Bought a scroll of fog for 40 gold pieces
 64612 | Vaults:5 | Bought a scroll of enchant weapon for 150 gold pieces
 64612 | Vaults:5 | Bought a scroll of teleportation for 60 gold pieces
 64612 | Vaults:5 | Bought a scroll of enchant armour for 150 gold pieces
 64612 | Vaults:5 | Bought a scroll of teleportation for 60 gold pieces
 64612 | Vaults:5 | Bought a scroll of teleportation for 60 gold pieces
 64614 | Vaults:5 | Bought a scroll of remove curse for 60 gold pieces
 64949 | Zot:1    | Entered Level 1 of the Realm of Zot
 65071 | Zot:1    | Reached skill level 15 in Conjurations
 65071 | Zot:1    | Reached skill level 15 in Hexes
 65071 | Zot:1    | Reached skill level 15 in Charms
 65071 | Zot:1    | Reached skill level 15 in Necromancy
 65071 | Zot:1    | Reached skill level 15 in Translocations
 65071 | Zot:1    | Reached skill level 15 in Transmutations
 65071 | Zot:1    | Reached skill level 15 in Fire Magic
 65071 | Zot:1    | Reached skill level 15 in Ice Magic
 65071 | Zot:1    | Reached skill level 15 in Air Magic
 65071 | Zot:1    | Reached skill level 15 in Earth Magic
 65147 | Zot:1    | Noticed an orb of fire
 65167 | Zot:1    | Gained mutation: You are somewhat resistant to further
                  | mutation. [an orb of fire]
 65168 | Zot:1    | Killed an orb of fire
 66475 | Zot:2    | Reached skill level 19 in Invocations
 66905 | Zot:2    | Identified the cursed -4 buckler "Seaneb" {Int+3 Dex+3}
 66908 | Zot:2    | Identified the cursed +0 cloak of Pathos {rN++ Regen+
                  | Str+2} (You acquired it on level 2 of the Realm of Zot)
 67883 | Zot:3    | Noticed an orb of fire
 67903 | Zot:3    | Killed an orb of fire
 68621 | Zot:3    | Noticed an orb of fire
 68633 | Zot:3    | Gained mutation: Scrolls take you a little longer to read.
                  | [an orb of fire]
 68642 | Zot:3    | Killed an orb of fire
 70393 | Zot:5    | Entered Level 5 of the Realm of Zot
 70398 | Zot:5    | Found a runed translucent door.
 70398 | Zot:5    | Noticed Merkolit's ghost (legendary CeHu)
 70399 | Zot:5    | Identified the +1 leather armour of the Meadowlark {rElec
                  | rC+ Regen+}
 70655 | Zot:5    | Noticed an orb of fire
 71165 | Zot:5    | Noticed an orb of fire
 71171 | Zot:5    | Gained mutation: You are dopey. (Int -2) [an orb of fire]
 71189 | Zot:5    | Gained mutation: Potions are less effective at restoring
                  | your health. [an orb of fire]
 71189 | Zot:5    | Noticed an ancient lich
 71191 | Zot:5    | Killed an orb of fire
 71191 | Zot:5    | Noticed an orb of fire
 71196 | Zot:5    | Killed an ancient lich
 71212 | Zot:5    | Killed an orb of fire
 71736 | Zot:5    | Noticed an orb of fire
 71746 | Zot:5    | Mangled by an Orb Guardian

Levels and vault maps discovered:
D:1:      psy_arrival_dodecagon, layout_basic
D:2:      layout_basic, hangedman_decor_clover_reticule, nrook_mini_backslash,
          uniq_natasha, uniq_sigmund
D:3:      minmay_skewed_foursquare, layout_basic, minmay_misc_feat_ornament,
          minmay_misc_feat_pillars
D:4:      layout_rooms, yredelemnul_forgotten_temple_becter, serial_shops,
          nicolae_shop_waterfront, uniq_menkaure
D:5:      cheibrodos_barr_body, layout_loops_cross, overflow_temple_1_default,
          kennysheep_mini, serial_shops, shop, first_ration
D:6:      layout_loops_cross, regret_index_temple_of_mockery,
          minmay_temple_entry_gardened_gates, basic_altar, nrook_mini_vaults,
          fedhas_altar_decomposition, uniq_crazy_yiuf_cottage, uniq_pikel
D:7:      layout_loops_cross, kennysheep_mini_moat, okawaru_humans,
          ebering_ghost_xom, grunt_ogre_cave, uniq_harold
D:8:      layout_cave_pools, lemuel_crystal_altar, nicolae_ru_path_of_blood,
          minmay_hollow_rounded_squares
D:9:      layout_rooms, nicolae_overflow_hidden_temple, erik_orc_2,
          minmay_fractal_squares_5, uniq_prince_ribbit1
D:10:     dragon1_lemuel, layout_stronghold,
          ploomutoo_gammafunk_ghost_potion_laboratory, minmay_between
D:11:     layout_basic, due_lair_maze_entry_diamond, basic_altar,
          nicolae_trove_entry_crossroad, enter_bailey_7, glass_columns_a,
          minivault_23, minmay_circle_x
D:12:     layout_basic
D:13:     kennysheep_green_arena, layout_irregular_city,
          kennysheep_treasure_room
D:14:     layout_irregular_city, david_vaults_4, gammafunk_ghost_smash,
          nicolae_dithmenos_the_darkroom, drop_trap
D:15:     gammafunk_depths_entry_grave, layout_basic, hangedman_glass_teeth
Temple:   minmay_temple_forest_path
Lair:1:   layout_concentric_octagons, gauntlet_entry_generic, minivault_27,
          st_stairs_10
Lair:2:   layout_misc_corridors, minmay_swamp_entry_eels,
          kennysheep_snail_temple
Lair:3:   layout_regular_city
Lair:4:   layout_small_grid, guppyfry_snake_entry_island, lookout_lair_type,
          serial_bayou_pond_d, minmay_stone_trees_small, minivault_27,
          bobbens_dragon_lair_wall
Lair:5:   layout_concentric_octagons, slime_altar_2, serial_bayou_pond_e,
          cheibrodos_lair_reptile_den, grunt_megastairs_3, serial_bayou_shore_b,
          infiniplex_staircase_pool_2, serial_bayou_shore_a
Lair:6:   evilmike_catoblepas_cave, layout_loops_ring
Swamp:1:  layout_basic_swamp, evilmike_swamp_ruin_wall
Swamp:2:  layout_basic_swamp, basic_altar, infiniplex_staircase_pool
Swamp:3:  layout_falls_marsh, evilmike_swamp_ruin_house_5
Swamp:4:  swamp, layout_basic_swamp
Snake:1:  layout_grid_shapes, st_stairs_11
Snake:2:  kennysheep_snake, layout_gridlike, library_closet, uniq_donald
Snake:3:  gammafunk_sealed_library, layout_misc_corridors,
          nicolae_snake_serpentine_hallways, minmay_snake_pond,
          minmay_shop_grove
Snake:4:  snake_pit_salamanders_mu, layout_basic, uniq_mara
Orc:1:    layout_caves, gammafunk_ghost_fury_of_okawaru, serial_shops,
          nicolae_shop_competitors_out_of_business, uniq_gastronok
Orc:2:    grunt_orc_community_town_hall, layout_diamond_mine,
          grunt_orc_community_big_house_2, grunt_orc_community_big_house_1,
          grunt_orc_community_house_3, grunt_orc_community_house_1,
          grunt_orc_community_house_3, grunt_orc_community_house_1,
          grunt_orc_community_house_3, grunt_orc_community_house_3,
          serial_shops, nicolae_shop_crystal, uniq_snorg
Elf:1:    eino_elf_arrival_shootout, layout_gridlike, minmay_elf_necromancy,
          uniq_azrael
Elf:2:    layout_geoelf_octagon, portal_desolation_entry_holy_temple,
          basic_altar, drop_trap
Elf:3:    minmay_elf_hall_dome, layout_gridlike, serial_shops, shop_fountains,
          special_room [special_room_mythical_zoo]
Vaults:1: nicolae_vaults_ninety_degrees, hangedman_vaults_impose,
          vaults_dpeg_ring, v_misc_2, nicolae_vaults_mini_display_case,
          hangedman_vaults_slice, layout_vaults_omnigrid
Vaults:2: v_pattern_5, nicolae_vaults_yaktaur_gun_rack, st_check,
          nicolae_vaults_what_the_h, grunt_vaults_twisty, v_misc_18,
          dpeg_vaults_monster_box, ontoclasm_vaults_hangar,
          nicolae_vaults_little_ls, layout_vaults_big_room, basic_altar,
          uniq_margery, uniq_mennas
Vaults:3: ontoclasm_vaults_eye, ontoclasm_vaults_spin, grunt_vaults_swirl,
          minmay_crypt_entry_simple_round, v_misc_23, vaults_dpeg_hooks,
          nicolae_vaults_stairing_the_circle, v_misc_18,
          nicolae_vaults_little_squares_3, serial_ice_b,
          layout_vaults_maze_bifur, serial_shops, shop_statue
Vaults:4: nicolae_vaults_twisting_passages, hangedman_vaults_impose,
          vaults_standard_mumra_enter_the_diamond,
          vaults_standard_mumra_enter_the_diamond, vaults_room_guarded_vault,
          v_rooms_2, vaults_standard_mumra_x, vaults_room_pools,
          nicolae_vaults_specimen_jars, grunt_vaults_diagonal, v_misc_14,
          vaults_room_mumra_shop_pool, hangedman_vaults_slice,
          ontoclasm_vaults_loading_screen, layout_vaults_omnicross,
          serial_shops, nicolae_shop_stone
Vaults:5: uniq_bai_suzhen
Crypt:1:  layout_regular_city, skrybe_necro_troll_1, uniq_aizul
Depths:1: layout_twisted_cross, minmay_misc_feat_five,
          abyss_entry_small_statue_room, grunt_hell_entry_dis_grunt,
          minmay_misc_feat_hallway, kennysheep_boxes, uniq_asterion
Depths:2: hangedman_screamer, layout_cave_pools, hell_entry, special_room
          [special_room_magic_class], cheibriados_altar_1, abyss_entry,
          minivault_1, infiniplex_staircase_pillars_3b
Depths:3: minmay_imperfect_grid, layout_cave_pools, hangedman_coc_ice_floe,
          grunt_pan_entry_zigzag, corexii_corridor_pit
Depths:4: nooodl_heptagram, layout_basic, enter_ziggurat_f, grunt_hell_horde,
          nicolae_abyss_entry_one_way_or_another
Depths:5: evilmike_zot_entry_basic, layout_cave_pools, pf_hell_entry_great_geh,
          kennysheep_crisscross
Zot:1:    layout_concentric_octagons, hangedman_swamp_dais
Zot:2:    layout_misc_corridors
Zot:3:    layout_cathedral_of_symmetry
Zot:4:    layout_cathedral_of_symmetry, zot_minivault_6
Zot:5:    layout_onion, gammafunk_ghost_grave, nrook_zot_tub

Skill      XL: |  1  2  3  4  5  6  7  8  9 10 11 12 13 14 15 16 17 18 19 20 21 22 23 24 25 26 27 |
---------------+----------------------------------------------------------------------------------+-----
Invocations    | 1 2 3 4 5 6 7 8 9 10 11 12 13 14 15 16 17 18 19 | 19.8
Short Blades   | 1 2 3 4 5 6 7 8 9 10 11 12 13 14 15 16 18 | 18.5
Long Blades    | 1 2 3 4 5 6 7 8 9 10 11 12 13 14 15 16 18 | 18.5
Axes           | 1 2 3 4 5 6 7 8 9 10 11 12 13 14 15 16 18 | 18.5
Maces & Flails | 1 2 3 4 5 6 7 8 9 10 11 12 13 14 15 16 18 | 18.5
Polearms       | 1 2 3 4 5 6 7 8 9 10 11 12 13 14 15 16 18 | 18.5
Staves         | 1 2 3 4 5 6 7 8 9 10 11 12 13 14 15 16 18 | 18.5
Slings         | 1 2 3 4 5 6 7 8 9 10 11 12 13 14 15 16 18 | 18.5
Bows           | 1 2 3 4 5 6 7 8 9 10 11 12 13 14 15 16 18 | 18.5
Dodging        | 1 2 3 4 5 6 7 8 9 10 11 12 13 14 15 16 18 | 18.5
Shields        | 1 2 3 4 5 6 7 8 9 10 11 12 13 14 15 16 18 | 18.5
Unarmed Combat | 1 2 3 4 5 6 7 8 9 10 11 12 13 14 15 16 18 | 18.5
Evocations     | 1 2 3 4 5 6 7 8 9 10 11 12 13 14 15 16 18 | 18.5
Spellcasting   | 3 4 5 6 7 8 9 10 11 12 13 14 15 16 17 18 | 18.6
Conjurations   | 1 2 3 4 5 6 7 8 9 10 11 12 13 14 15 | 15.9
Hexes          | 1 2 3 4 5 6 7 8 9 10 11 12 13 14 15 | 15.9
Charms         | 1 2 3 4 5 6 7 8 9 10 11 12 13 14 15 | 15.9
Necromancy     | 1 2 3 4 5 6 7 8 9 10 11 12 13 14 15 | 15.9
Translocations | 1 2 3 4 5 6 7 8 9 10 11 12 13 14 15 | 15.9
Transmutations | 1 2 3 4 5 6 7 8 9 10 11 12 13 14 15 | 15.9
Fire Magic     | 1 2 3 4 5 6 7 8 9 10 11 12 13 14 15 | 15.9
Ice Magic      | 1 2 3 4 5 6 7 8 9 10 11 12 13 14 15 | 15.9
Air Magic      | 1 2 3 4 5 6 7 8 9 10 11 12 13 14 15 | 15.9
Earth Magic    | 1 2 3 4 5 6 7 8 9 10 11 12 13 14 15 | 15.9
Fighting       | 3 4 5 6 7 8 9 10 11 12 13 14 15 16 17 18 | 18.6
Crossbows      | 3 4 5 6 7 8 9 10 11 12 13 14 15 16 17 18 | 18.6
Throwing       | 3 4 5 6 7 8 9 10 11 12 13 14 15 16 17 18 | 18.6
Armour         | 3 4 5 6 7 8 9 10 11 12 13 14 15 16 17 18 | 18.6
Summonings     | 4 5 6 7 8 9 10 11 12 13 14 16 | 16.3
Poison Magic   | 4 5 6 7 8 9 10 11 12 13 14 16 | 16.3
Stealth        | 3 4 5 6 7 8 9 10 11 12 13 14 15 16 17 18 | 18.6

Action                   |  1- 3 |  4- 6 |  7- 9 | 10-12 | 13-15 | 16-18 | 19-21 | 22-24 | 25-27 || total
-------------------------+-------+-------+-------+-------+-------+-------+-------+-------+-------++-------
Melee: Whip              |   133 |   342 |   695 |   347 |       |       |       |       |       ||  1517
       Bite              |    18 |    32 |    67 |    92 |   134 |   279 |   287 |   287 |   377 ||  1573
       Punch             |       |     2 |     7 |     5 |    54 |    13 |       |       |       ||    81
       Dire flail        |       |       |       |   476 |       |       |       |       |       ||   476
       War axe           |       |       |       |   115 |   869 |  1936 |  1877 |  1160 |       ||  5957
       Broad axe         |       |       |       |       |       |       |       |   563 |  1827 ||  2390
Throw: Javelin           |       |     2 |     5 |       |       |       |       |       |       ||     7
       Stone             |       |     1 |       |       |       |       |       |       |       ||     1
       Boomerang         |       |       |       |    16 |       |       |       |       |       ||    16
 Cast: Sting             |       |    21 |    64 |    55 |     4 |       |       |       |       ||   144
       Freeze            |       |       |    10 |    10 |       |       |       |       |       ||    20
       Passwall          |       |       |       |       |       |     1 |       |       |       ||     1
       Airstrike         |       |       |       |       |       |       |     4 |       |       ||     4
       Lee's Rapid Decon |       |       |       |       |       |       |     3 |       |     1 ||     4
       Silence           |       |       |       |       |       |       |       |     7 |     4 ||    11
       Summon Lightning  |       |       |       |       |       |       |       |       |     3 ||     3
       Blink             |       |       |       |       |       |       |       |       |     1 ||     1
       Petrify           |       |       |       |       |       |       |       |       |     1 ||     1
Invok: Curse Item        |       |       |     2 |     2 |     2 |     3 |     1 |     3 |     1 ||    14
 Abil: Evoke Invisibilit |       |       |     1 |     8 |     5 |     3 |     1 |     7 |    18 ||    43
       Evoke Berserk Rag |       |       |       |       |       |       |       |     2 |     1 ||     3
Evoke: Wand              |       |       |     1 |     3 |     2 |       |    10 |       |       ||    16
  Use: Scroll            |       |     4 |     4 |     4 |    16 |     2 |     4 |    16 |    17 ||    67
       Potion            |       |     1 |       |     1 |     4 |       |       |       |     4 ||    10
 Stab: Invisible         |       |       |       |    12 |    23 |    22 |     9 |    67 |    97 ||   230
       Sleeping          |       |       |       |     2 |     2 |     2 |       |       |       ||     6
       Confused          |       |       |       |       |       |     2 |       |       |       ||     2
       Distracted        |       |       |       |       |       |       |       |     1 |     2 ||     3
       Petrified         |       |       |       |       |       |       |       |       |     2 ||     2
       Petrifying        |       |       |       |       |       |       |       |       |     1 ||     1
  Eat: Chunk             |       |     7 |     6 |    12 |    21 |    14 |     8 |     1 |     7 ||    76
       Ration            |       |     1 |     8 |     7 |     4 |     9 |     7 |    11 |    13 ||    60
Armor: Scale mail        |    70 |   128 |   330 |   234 |       |       |       |       |       ||   762
       Skin              |       |     6 |       |       |       |       |       |       |       ||     6
       Chain mail        |       |       |       |    41 |   265 |    97 |       |       |       ||   403
       Crystal plate arm |       |       |       |       |       |   636 |   529 |   460 |   342 ||  1967
       Gold dragon scale |       |       |       |       |       |       |       |       |   156 ||   156
Dodge: Dodged            |    80 |   194 |   670 |   787 |   681 |   921 |   631 |   625 |   591 ||  5180
Block: Shield            |       |       |       |       |       |  1014 |  1191 |   786 |       ||  2991
       Reflection        |       |       |       |       |       |       |    41 |    48 |       ||    89
       Large shield      |       |       |       |       |       |       |       |   783 |  2175 ||  2958
